 Dungeon Crawl Stone Soup version 0.27.1-1-g398f81649c (console) character file.

Game seed: 11589455783067941305

49 thromnambular the Sneak (level 4, 0/33 HPs)
             Began as a Djinni Wanderer on Sept 9, 2021.
             Was a Plaything of Xom.
             Slain by a chaos spawn (13 damage)
             ... summoned by Xom
             ... on level 2 of the Dungeon.
             The game lasted 00:04:57 (2282 turns).

thromnambular the Sneak (Djinni Wanderer)           Turns: 2282, Time: 00:04:58

Health: 0/33       AC:  5    Str: 13    XL:     4   Next: 1%
Gold:   132        EV: 12    Int: 13    God:    Xom [......] SH:  5 Dex: 12

rFire    + + .     SeeInvis .   i - +1 whip (elec)
rCold    x . .     Faith    .   (no shield)
rNeg     . . .     Spirit   .   h - +0 leather armour
rPois    ∞         Reflect  +   (no helmet)
rElec    .         Harm     .   (no cloak)
rCorr    .         Rampage  .   (no gloves)
Will     .....                  (boots unavailable)
Stlth    ++........             j - amulet of reflection
HPRegen  0.11/turn              (no ring)
MPRegen  0.00/turn              (no ring)

@: mighty, flying, very slightly contaminated, invisible
A: sickness immunity, fire resistance 2, cold vulnerability 1, float, innate
caster, hp casting, extra vitality 1, iridescent scales 1, mutation resistance 1
a: Renounce Religion


You were on level 2 of the Dungeon.
You worshipped Xom.
You were a very special plaything of Xom.
You visited 1 branch of the dungeon, and saw 2 of its levels.

You collected 132 gold pieces.

Inventory:

Hand Weapons
 c - a +0 falchion
 g - a +1 dagger of venom
 i - a +1 whip of electrocution (weapon)
Armour
 h - a +0 leather armour (worn)
Jewellery
 j - an amulet of reflection (around neck)
Scrolls
 b - a scroll of fear
Potions
 d - a potion of curing


   Skills:
 + Level 2.0 Fighting
 - Level 2.3 Long Blades
 + Level 0.2 Maces & Flails
 - Level 1.0 Throwing
 + Level 2.2 Armour
 + Level 2.2 Dodging
 - Level 2.4 Stealth


You had 2 spell levels left.
You knew the following spells:

 Your Spells              Type           Power      Damage    Failure   Level
a - Magic Dart            Conj           0%         1d3       36%         1
Your spell library was empty.

Dungeon Overview and Level Annotations

Branches:
Dungeon (2/15)

Altars:
Xom


Innate Abilities, Weirdness & Mutations

You are immune to sickness and miasma.
You are immune to poison.
Your flesh is very heat resistant. (rF++)
You are vulnerable to cold. (rC-)
You float through the air rather than walking.
You learn spells naturally, not from books.
Your magical power is your life essence.
You have superior vitality. (+4 HP)
You are partially covered in iridescent scales. (AC +2)
You are somewhat resistant to further mutation.


Message History

You hit the giant cockroach.
The giant cockroach is heavily wounded.
The giant cockroach closely misses you. You block the giant cockroach's attack.
You barely miss the giant cockroach.
The giant cockroach is heavily wounded.
The giant cockroach barely misses you.
You hit the giant cockroach.
The giant cockroach is almost dead.
You block the giant cockroach's attack.
You hit the giant cockroach but do no damage.
Lightning courses through the giant cockroach!
You kill the giant cockroach!
You have reached level 4!
You feel agile.
Search for what [? for help]? altar Unknown command.
Things that are here:
a +0 dagger; a goblin corpse
Found a scroll of identify.
Found an escape hatch in the floor.
a - a scroll of identify
As you read the scroll of identify, it crumbles to dust.
f - a potion of invisibility "Let's see if it's strong enough to survive yet."
Okay, then.
Unknown command.
Press: ? - help, v - describe, . - travel
Here: a chaos spawn (summoned)
The floor.
Unknown command.
You fade into invisibility!
The chaos spawn gores you! The smoke demon closely misses you.
The smoke demon hits you. The smoke demon closely misses you.
You are very lightly contaminated with residual magic.
You feel very mighty all of a sudden.
The quasit closely misses you. x3; The smoke demon completely misses you.
The smoke demon misses you. The smoke demon hits you.
The chaos spawn gores you!
You die... "It's all fun and games until someone loses an eye."

#...##########
#...#.)......# ##♣♣
♣.♣.♣.♣#♣###.####...
#.......##........♣♣
♣.......♣#.#.######
#.......##.#.#
♣.......♣..#.#
#..4....####.# ####
♣.3@5...♣....# #...
#.......###### #<##
♣#♣#♣#♣#♣ #.# #.#
#.# #.# #.# #.# #.#


You could see a smoke demon (summoned), a chaos spawn (summoned) and a quasit
(summoned).

Vanquished Creatures
  2 worms (D:2)
  2 dart slugs (D:1)
  6 ball pythons
  2 endoplasms (D:1)
  A giant cockroach (D:2)
  8 goblins
  4 hobgoblins
  3 quokkas
  2 bats
  2 frilled lizards (D:2)
  3 kobolds
  A rat (D:2)
36 creatures vanquished.

Vanquished Creatures (others)
  2 fungi (D:1)
  9 plants (D:1)
11 creatures vanquished.

Grand Total: 47 creatures vanquished

Notes
Turn   | Place    | Note
-------+----------+-------------------------------------------
     0 | D:1      | thromnambular the Djinni Wanderer began the quest for the
                  | Orb.
     0 | D:1      | Reached XP level 1. HP: 17/17 MP: 0/0
   351 | D:1      | Reached XP level 2. HP: 21/22 MP: 0/0
   734 | D:1      | Reached XP level 3. HP: 22/28 MP: 0/0
   734 | D:1      | Learned a level 1 spell: Magic Dart
   904 | D:1      | Found a faded altar of an unknown god.
   912 | D:1      | Became a worshipper of Xom of Unknown Intention
  1135 | D:1      | XOM: divination: detect creatures
  1426 | D:1      | XOM: give mutations
  1426 | D:1      | Gained mutation: You are somewhat resistant to further
                  | mutation. [Xom's grace]
  1426 | D:1      | Gained mutation: Your flesh is almost immune to the effects
                  | of heat. (rF+++) [Xom's grace]
  1426 | D:1      | Gained mutation: Your muscles are strong. (Str +2) [Xom's
                  | grace]
  1470 | D:1      | XOM: cloud trail
  1936 | D:2      | XOM: 1-stop teleportation journey
  2082 | D:2      | XOM: confusion
  2194 | D:2      | XOM: give mutations
  2194 | D:2      | Gained mutation: You are clumsy. (Dex -2) [Xom's mischief]
  2194 | D:2      | Lost mutation: Your muscles are strong. (Str +2) [Xom's
                  | mischief]
  2194 | D:2      | Gained mutation: You occasionally shout uncontrollably at
                  | your foes. [Xom's mischief]
  2195 | D:2      | Lost mutation: You are clumsy. (Dex -2) [potion of
                  | mutation]
  2195 | D:2      | Lost mutation: Your flesh is almost immune to the effects
                  | of heat. (rF+++) [potion of mutation]
  2196 | D:2      | Lost mutation: You occasionally shout uncontrollably at
                  | your foes. [potion of mutation]
  2196 | D:2      | Gained mutation: You are partially covered in iridescent
                  | scales. (AC +2) [potion of mutation]
  2261 | D:2      | XOM: blink monster(s)
  2268 | D:2      | Reached XP level 4. HP: 33/33 MP: 0/0
  2280 | D:2      | XOM: summons 3 hostile demons
  2281 | D:2      | Noticed a smoke demon
  2281 | D:2      | Noticed a chaos spawn
  2282 | D:2      | Slain by a chaos spawn

Illustrated notes

Levels and vault maps discovered:
D:1:      psy_arrival_fountain, layout_basic,
          shapermc_ecumenical_altar_mp_ritualfount
D:2:      layout_basic, serial_forest, infiniplex_forest_clump_curved,
          infiniplex_forest_straight_2, infiniplex_forest_lined_room_3,
          infiniplex_forest_lined_2, infiniplex_forest_lined_3,
          infiniplex_forest_straight_4

Skill      XL: |  1  2  3 |
---------------+----------+-----
Long Blades    | 2 |  2.3
Dodging        | 2 |  2.2
Fighting       | 2 |  2.0
Maces & Flails | |  0.2
Throwing       | |  1.0
Armour         | |  2.2
Stealth        | |  2.4

Action                   |  1- 3 |  4- 6 || total
-------------------------+-------+-------++-------
Melee: Falchion          |    36 |       ||    36
       Dagger            |    11 |       ||    11
       Whip              |    26 |       ||    26
 Cast: Magic Dart        |    34 |       ||    34
  Use: Potion            |     2 |     2 ||     4
       Scroll            |     2 |     1 ||     3
 Stab: Sleeping          |     3 |       ||     3
Armor: Robe              |     5 |       ||     5
       Leather armour    |     3 |       ||     3
Dodge: Dodged            |    31 |     7 ||    38
Block: Other             |     2 |       ||     2
       Rpst.: Falchion   |     2 |       ||     2
